 Dungeon Crawl Stone Soup version 0.26-a0-597-gb535b0901c (webtiles) character file.

Game seed: 1471447620736655646

275 Alarkh the Ruffian (level 6, 43/48 HPs)
             Began as a Demonspawn Fighter on Sept 6, 2020.
             Got out of the dungeon alive.
             The game lasted 00:02:35 (2245 turns).

Alarkh the Ruffian (Demonspawn Fighter)             Turns: 2245, Time: 00:02:35

Health: 43/48      AC:  7    Str: 17    XL:     6   Next: 3%
Magic:  6/6        EV:  7    Int: 11    God:
Gold:   152        SH:  9    Dex: 12    Spells: 5/5 levels left

rFire    . . .     SeeInvis .     - Unarmed
rCold    . . .     Faith    .   b - +0 kite shield
rNeg     + . .     Spirit   +   a - +0 scale mail
rPois    .         Reflect  .   (no helmet)
rElec    .         Harm     .   r - scarf {repulsion}
rCorr    .                      o - +0 pair of gloves
MR       .....                  (no boots)
Stlth    +.........             (no amulet)
HPRegen  0.16/turn              h - ring of stealth
MPRegen  0.10/turn              u - ring of positive energy

@: repel missiles
A: spiny 2, magic shield
a: no special abilities


You escaped.
You visited 1 branch of the dungeon, and saw 3 of its levels.

You collected 152 gold pieces.

Inventory:

Armour
 a - a +0 scale mail (worn)
 b - a +0 kite shield (worn)
 o - a +0 pair of gloves (worn)
 r - a scarf of repulsion (worn)
Jewellery
 h - a ring of stealth (left hand)
 q - an uncursed ring of flight
 u - a ring of positive energy (right hand)
Scrolls
 e - a scroll of identify {unknown}
 g - a scroll of remove curse {unknown}
 i - a scroll of teleportation {unknown}
 n - a scroll of fear {unknown}
 p - a scroll of immolation {unknown}
 s - a scroll of magic mapping {unknown}
 t - a scroll of blinking {unknown}
Potions
 c - a potion of might
 d - a potion of magic {unknown}
 f - a potion of berserk rage
 j - 2 potions of ambrosia {unknown}
 k - 2 potions of heal wounds {unknown}
 l - a potion of stabbing {unknown}
 m - 2 potions of curing {unknown}


   Skills:
 + Level 4.2 Fighting
 - Level 2.6 Armour
 + Level 3.8 Shields
 * Level 4.2 Unarmed Combat


You had 5 spell levels left.
You didn't know any spells.
Your spell library was empty.

Dungeon Overview and Level Annotations

Branches:
Dungeon (3/15)

Altars:
Cheibriados


Innate Abilities, Weirdness & Mutations

You are mostly covered in sharp spines.
When hurt, damage is shared between your health and your magic reserves.


Message History

You see here a frilled lizard corpse.
You see here a jackal corpse.
You see here a +0 short sword.
Things that are here:
a +0 short sword; a +0 hand axe You see here a +0 dagger.
You see here 2 stones.
You see here a +0 hand axe.
You see here a cursed -1 club.
There is a stone staircase leading up here.
You climb upwards.
There is a stone staircase leading down here.
There is a stone staircase leading up here.
You climb upwards.
There is a stone staircase leading down here.
HP restored.
You see here a whip.
There is a staircase leading out of the dungeon here.
Are you sure you want to leave the Dungeon?
This will make you lose the game!
You have escaped!

# #.#######..######### #..# ##
#.#######.....###### #..# .###
#.###...#.....#...## #..#
...###.###.8.#.....#.8.## #..#
.....).###..?#.....#...## #..#
#........#####.....###### #..#
###....#................# #..#
######.##............[..###..#
#....#.##.......@.......#...†#
#.#.##.##...............#.##.#
#.#..#÷##.(...............##.#
..##.....#####.....#####..##.#
####...#.#...#.....#...##.##.#
##..#.#.8.#.....#.8.#...#.#
#....#...#.....#...#...#.#
#....#####.....#####.).#.#
##.#.###############.#.#.#


There were no monsters in sight!

Vanquished Creatures
  2 orc priests (D:3)
  An orc wizard (D:3)
  5 gnolls (D:3)
  4 adders
  2 oozes
  A dart slug (D:1)
  5 leopard geckos
  10 orcs (D:3)
  6 ball pythons
  6 bats
  3 giant cockroaches
  5 goblins
  7 hobgoblins
  2 jackals (D:3)
  4 kobolds
  3 quokkas
  4 frilled lizards
  11 rats
81 creatures vanquished.

Notes
Turn   | Place    | Note
-------+----------+-------------------------------------------
     0 | D:1      | Alarkh the Demonspawn Fighter began the quest for the Orb.
     0 | D:1      | Reached XP level 1. HP: 18/18 MP: 1/1
   166 | D:1      | Gained mutation: You are partially covered in sharp spines.
                  | [demonic ancestry]
   166 | D:1      | Reached XP level 2. HP: 18/24 MP: 2/2
   477 | D:1      | Gained mutation: You are mostly covered in sharp spines.
                  | [demonic ancestry]
   477 | D:1      | Reached XP level 3. HP: 29/29 MP: 3/3
  1188 | D:2      | Reached XP level 4. HP: 24/35 MP: 4/4
  1721 | D:3      | Reached XP level 5. HP: 32/42 MP: 5/5
  1795 | D:3      | Found a snail-covered altar of Cheibriados.
  2128 | D:3      | Gained mutation: When hurt, damage is shared between your
                  | health and your magic reserves. [demonic ancestry]
  2128 | D:3      | Reached XP level 6. HP: 24/48 MP: 6/6
  2245 | D:$      | Got out of the dungeon alive.

Illustrated notes

Levels and vault maps discovered:
D:1:      minmay_arrival_glassed_features, layout_basic, serial_curves,
          eino_curves_02, eino_curves_04
D:2:      layout_basic, kennysheep_generic_room_13
D:3:      layout_loops_ring, cheibriados_altar_1, minmay_mini_jars

Skill      XL: |  1  2  3  4  5 |
---------------+----------------+-----
Unarmed Combat | 2 3 4 |  4.2
Shields        | 3 |  3.8
Fighting       | 4 |  4.2
Armour         | |  2.6

Action                   |  1- 3 |  4- 6 || total
-------------------------+-------+-------++-------
Melee: Unarmed           |   111 |   106 ||   217
  Use: Potion            |       |     1 ||     1
Armor: Scale mail        |    37 |    19 ||    56
Dodge: Dodged            |    23 |    14 ||    37
Block: Kite shield       |    38 |    30 ||    68

Table legend: (Time is in decaauts)
 A = Elapsed time spent in this place.
 B = Non-inter-level travel time spent in this place.
 C = Inter-level travel time spent in this place.
 D = Time resting spent in this place.
 E = Time spent auto-exploring this place.
 F = Levels seen in this place.
 G = Mean time per level.
                   A        B        C        D        E       F      G
               +--------+--------+--------+--------+--------+-----+--------+
         Total |   2261 |   2082 |    179 |    196 |   1464 |   3 |  753.7 |
       Dungeon |   2261 |   2082 |    179 |    196 |   1464 |   3 |  753.7 |
               +--------+--------+--------+--------+--------+-----+--------+

Top non-repeatable levels by time:
     D:2: 764 daAuts
     D:3: 749 daAuts
     D:1: 747 daAuts
